 Dungeon Crawl Stone Soup version 0.27-a0-909-g0721f30 (webtiles) character file.

Game seed: 7780937339287413038

183 Nithhogg the Skirmisher (level 5, 0/42 HPs)
             Began as a Demonspawn Fighter on Apr 8, 2021.
             Killed by divine providence
             ... invoked by an orc priest
              (17 damage)
             ... on level 4 of the Dungeon.
             The game lasted 00:03:18 (2830 turns).

Nithhogg the Skirmisher (Demonspawn Fighter)        Turns: 2830, Time: 00:03:18

Health: 0/42       AC:  6    Str: 17    XL:     5   Next: 35%
Magic:  5/5        EV:  7    Int:  9    God:
Gold:   113        SH:  9    Dex: 13    Spells: 4/4 levels left

rFire    . . .     SeeInvis .   h - +1 short sword (venom)
rCold    . . .     Faith    .   c - +0 kite shield
rNeg     . . .     Spirit   .   b - +0 scale mail
rPois    .         Reflect  .   (no helmet)
rElec    .         Harm     .   (no cloak)
rCorr    .         Rampage  .   (no gloves)
Will     .....                  (no boots)
Stlth    ..........             (no amulet)
HPRegen  0.14/turn              (no ring)
MPRegen  0.09/turn              (no ring)

@: no status effects
A: talons 2
a: no special abilities


You were on level 4 of the Dungeon.
You visited 1 branch of the dungeon, and saw 4 of its levels.

You collected 113 gold pieces.

Inventory:

Hand Weapons
 a - a +0 long sword
 h - a +1 short sword of venom (weapon)
Armour
 b - a +0 scale mail (worn)
 c - a +0 kite shield (worn)
Jewellery
 f - a +6 ring of intelligence
Scrolls
 i - a scroll of amnesia {unknown}
 k - a scroll of silence {unknown}
 l - a scroll of identify {unknown}
 n - a scroll of immolation {unknown}
 o - a scroll of teleportation {unknown}
Potions
 d - 2 potions of might
 e - a potion of heal wounds {unknown}
 g - a potion of attraction {unknown}
 j - a potion of curing {unknown}
 m - a potion of berserk rage {unknown}
 p - a potion of lignification {unknown}
 q - 2 potions of invisibility {unknown}


   Skills:
 + Level 4.0 Fighting
 + Level 3.0 Long Blades
 + Level 3.6 Armour
 + Level 3.5 Shields


You had 4 spell levels left.
You didn't know any spells.
Your spell library contained the following spells:

 Spells                   Type           Power      Damage    Failure   Level
 Magic Dart               Conj           0%         1d3       99%         1
 Blink                    Tloc           N/A        N/A       100%        2
 Call Imp                 Summ           0%         N/A       100%        2
 Slow                     Hex            0%         N/A       100%        2
 Conjure Flame            Conj/Fire      0%         6-21      100%        3
 Mephitic Cloud           Conj/Pois/Air  0%         N/A       100%        3


Dungeon Overview and Level Annotations

Branches:
Dungeon (4/15)
 Temple: D:4-7

Altars:
Elyvilon
Vehumet

Shops:
D:1 [   D:2 =

Annotations:
D:4 Grinder


Innate Abilities, Weirdness & Mutations

You have razor-sharp toenails.


Message History

You hit the orc wizard.
The orc wizard looks as sick as possible!
The orc wizard is almost dead.
You kill the orc wizard!
The orc hits you with a +0 war axe.
You are too injured to fight recklessly!
You are too injured to fight recklessly!
You are too injured to fight recklessly!
You are too injured to fight recklessly!
You are too injured to fight recklessly!
You are too injured to fight recklessly!
You are too injured to fight recklessly!
You are too injured to fight recklessly!
You are too injured to fight recklessly!
You are too injured to fight recklessly!
You are too injured to fight recklessly!
You puncture the orc!
You kill the orc!
Your Fighting skill increases to level 4!
Your Long Blades skill increases to level 3!
You hit the orc priest.
You claw the orc priest, but do no damage.
The orc priest is lightly wounded.
The orc priest hits you with a +0 hand axe.
You closely miss the orc priest. You claw the orc priest.
The orc priest is moderately wounded.
You block the orc priest's attack.
You closely miss the orc priest. You claw the orc priest.
The orc priest is heavily wounded.
You block the orc priest's attack.
The orc priest hits you but does no damage.
You closely miss the orc priest.
The orc priest is heavily wounded.
The orc priest invokes the aid of Beogh against you.
You barely resist. You closely miss the orc priest.
Your kick misses the orc priest.
The orc priest is heavily wounded.
The orc priest calls down the wrath of Beogh upon you.
Beogh smites you!
You die...

... ..#
..#.# #.#.#
#.#.# #.#.#
#o#.# #@#.#
#.#.###
#.....#
###.#.#
#.#.# #.#.#
#######.#.#
8.........#
..........#


You could see an orc priest.

Vanquished Creatures
  A howler monkey (D:2)
  An orc priest (D:2)
  2 orc wizards
  2 adders
  2 dart slugs
  4 orcs
  3 bats
  An endoplasm (D:2)
  2 giant cockroaches (D:3)
  6 hobgoblins
  4 quokkas
  6 ball pythons
  3 frilled lizards
  4 kobolds
  3 rats
44 creatures vanquished.

Vanquished Creatures (others)
  3 fungi (D:4)
3 creatures vanquished.

Grand Total: 47 creatures vanquished

Notes
Turn   | Place    | Note
-------+----------+-------------------------------------------
     0 | D:1      | Nithhogg the Demonspawn Fighter began the quest for the
                  | Orb.
     0 | D:1      | Reached XP level 1. HP: 18/18 MP: 1/1
   241 | D:1      | Found Beseck's Antique Armour Emporium.
   243 | D:1      | Found a faded altar of an unknown god.
   364 | D:1      | Gained mutation: You have sharp toenails. [demonic
                  | ancestry]
   364 | D:1      | Reached XP level 2. HP: 23/24 MP: 2/2
  1098 | D:2      | Noticed a howler monkey
  1107 | D:2      | Killed a howler monkey
  1108 | D:2      | Gained mutation: You have razor-sharp toenails. [demonic
                  | ancestry]
  1108 | D:2      | Reached XP level 3. HP: 24/29 MP: 3/3
  1144 | D:2      | Reached XP level 4. HP: 27/35 MP: 4/4
  1219 | D:2      | Found Yfeirrivy's Jewellery Boutique.
  1920 | D:3      | Reached XP level 5. HP: 42/42 MP: 5/5
  2378 | D:4      | Found a radiant altar of Vehumet.
  2378 | D:4      | Noticed Grinder
  2378 | D:4      | Noticed a necrophage
  2826 | D:4      | Reached skill level 4 in Fighting
  2830 | D:4      | Killed from afar by an orc priest

Illustrated notes

Levels and vault maps discovered:
D:1:      dpeg_arrival_castle, layout_loops_ring, basic_ecumenical_altar,
          serial_shops, nicolae_shop_stone
D:2:      layout_rooms, serial_shops,
          nicolae_shop_temple_entry_statues_fountains, basic_altar
D:3:      layout_basic
D:4:      layout_loops_ring, nicolae_vehumet_radiance, lemuel_temple_firewalk_b,
          serial_aquarium, aquarium_bridge_square [aquarium_subvault_window,
          aquarium_subvault_bridge, aquarium_subvault_window,
          aquarium_subvault_bridge], aquarium_window_1, aquarium_window_1,
          aquarium_window_1, aquarium_window_corner, aquarium_view_2c,
          aquarium_view_2b, aquarium_pool_five, uniq_grinder, uniq_robin

Skill      XL: |  1  2  3  4  5 |
---------------+----------------+-----
Long Blades    | 2 3 |  3.0
Armour         | 3 |  3.6
Shields        | 3 |  3.5
Fighting       | 4 |  4.0

Action                   |  1- 3 |  4- 6 || total
-------------------------+-------+-------++-------
Melee: Long sword        |    46 |       ||    46
       Short sword       |    28 |    50 ||    78
       Kick              |    10 |    16 ||    26
Armor: Scale mail        |    33 |     9 ||    42
Dodge: Dodged            |    24 |    10 ||    34
Block: Kite shield       |    39 |    23 ||    62
       Rpst.: Long sword |     1 |       ||     1

Table legend: (Time is in decaauts)
 A = Elapsed time spent in this place.
 B = Non-inter-level travel time spent in this place.
 C = Inter-level travel time spent in this place.
 D = Time resting spent in this place.
 E = Time spent auto-exploring this place.
 F = Levels seen in this place.
 G = Mean time per level.
                   A        B        C        D        E       F      G
               +--------+--------+--------+--------+--------+-----+--------+
         Total |   2880 |   2842 |     38 |    300 |   2142 |   4 |  720.0 |
       Dungeon |   2880 |   2842 |     38 |    300 |   2142 |   4 |  720.0 |
               +--------+--------+--------+--------+--------+-----+--------+

Top non-repeatable levels by time:
     D:1: 1129 daAuts
     D:3: 887 daAuts
     D:2: 744 daAuts
     D:4: 119 daAuts
